Map: King's Cove LE

Players

spektr - Winner!

  • Race: Zerg Zerg
  • League: Diamond
  • Spawn Location: 11:00

Woah

  • Race: Terran Terran
  • League: Diamond
  • Spawn Location: 5:00

VOD

Have the link to the VOD?

Description

Time

  • Played on: June 14, 2019, 9 p.m.
  • Length: 9:07
Show
View Real Time Build Order
Export as new Build Order

spektr Zerg - Winner!

Build Orders: Hatch First 

Get SALT Encoding   

  12  0:03  Drone  
  13  0:13  Overlord  
  13  0:19  Drone  
  14  0:45  Hatchery  
  14  0:47  Drone  
  14  0:51  Drone  
  14  0:56  Drone  
  16  1:00  Drone  
  17  1:09  Drone  
  18  1:14  Extractor  
  17  1:24  Spawning Pool  
  16  1:25  Drone  
  16  1:31  Drone  
  18  1:42  Drone  
  19  2:12  Zergling x4  
  19  2:13  Zergling x2  
  19  2:14  Queen x2  
  26  2:17  Metabolic Boost  
  25  2:44  Spine Crawler  
  25  2:45  Zergling x2  
  25  2:53  Queen  
  26  3:06  Drone  
  26  3:11  Roach Warren, Zergling x2  
  23  3:47  Overlord x2  
  23  3:56  Queen x2  
  26  4:08  Roach x4  
  26  4:09  Zergling x2  
  33  4:18  Extractor  
  33  4:22  Zergling x6  
  35  4:36  Roach x2  
  38  4:50  Zergling x6  
  37  5:22  Drone  
  37  5:23  Drone x5  
  43  5:35  Drone  
  43  5:39  Overlord x2  
  39  6:19  Ravager x3  
  40  6:44  Zergling x18  
  42  7:09  Zergling x2  
  42  7:10  Zergling x6  
  42  7:14  Ravager  
  47  7:19  Zergling x4  
  35  8:02  Zergling x10  
  38  8:11  Drone  
  37  8:27  Drone x4  
  40  8:46  Drone x6  
Show
View Real Time Build Order
Export as new Build Order

Woah Terran 

Build Orders:  

Get SALT Encoding   

  12  0:01  SCV  
  13  0:13  SCV  
  14  0:18  Supply Depot  
  14  0:27  SCV  
  15  0:40  SCV  
  15  0:41  Barracks  
  16  0:48  Refinery  
  16  0:53  SCV  
  17  1:06  Barracks  
  17  1:09  SCV  
  18  1:21  SCV  
  19  1:32  Reaper  
  20  1:33  Orbital Command  
  20  1:45  Barracks  
  20  1:53  Supply Depot  
  20  1:56  Reaper  
  21  2:11  Reaper  
  22  2:29  Reaper  
  22  2:37  SCV  
  23  2:45  Reaper  
  24  3:16  Reaper  
  25  3:21  Command Center  
  25  3:25  Command Center  
  24  3:43  Reaper  
  24  3:45  Reaper  
  24  3:46  SCV  
  24  3:48  Engineering Bay  
  26  4:12  Reaper  
  26  4:16  Reaper  
  28  4:18  SCV  
  29  4:30  SCV  
  30  4:42  SCV, Refinery  
  30  4:54  Orbital Command x2, Factory  
  24  5:16  Marine  
  24  5:17  Bunker  
  24  5:21  Orbital Command  
  25  5:31  SCV  
  25  5:34  Marine  
  27  5:37  SCV  
  27  5:40  Factory Tech Lab  
  27  5:42  Barracks Reactor  
  27  5:43  SCV  
  27  5:49  SCV  
  29  5:55  SCV  
  30  5:57  Starport  
  27  6:27  Marine  
  27  6:29  Cyclone  
  27  6:30  Marine  
  32  6:36  Liberator  
  17  7:17  SCV  
  17  7:18  SCV  
  17  7:22  Marine  
  17  7:23  Marine x2  
  17  7:25  Hellion  
  17  7:29  SCV  
  20  7:30  Bunker  
  20  7:36  Barracks  
  18  7:42  Marine x2  
  16  7:57  SCV x2  
  10  8:06  Orbital Command  
  10  8:09  SCV  
  11  8:30  SCV x2  
  11  8:32  Marine  
  14  8:34  SCV  
  15  8:42  SCV x2  
  15  8:44  Factory Tech Lab  
  15  8:45  Marine  
  14  8:54  SCV x2  
Tags
 
Matchup
TvZ
Replay Pack
r1
Spawn Locations
Cross Positions
Add a new tag
Caveats
  • Supply blocks, unpowered buildings, or Contaminate may cause inaccurate times.
  • Supply counts are checked every 10 seconds.